 Dungeon Crawl Stone Soup version 0.20-a0-1116-gaa52201 (webtiles) character file.

46 grindst0ne the Skirmisher (level 3, -7/29 HPs)
             Began as a Demonspawn Gladiator on May 7, 2017.
             Killed from afar by Sigmund (10 damage)
             ... with a puff of flame
             ... on level 2 of the Dungeon.
             The game lasted 00:02:39 (1164 turns).

grindst0ne the Skirmisher (Demonspawn Gladiator)    Turns: 1164, Time: 00:02:40

Health: -7/29      AC:  3    Str: 15    XL:     3   Next: 46%
Magic:  3/3        EV: 12    Int:  9    God:
Gold:   75         SH:  0    Dex: 14    Spells: 2/2 levels left

rFire    . . .     SeeInvis .   a - +0 war axe
rCold    . . .     Gourm    .   (no shield)
rNeg     . . .     Faith    .   b - +0 leather armour
rPois    .         Spirit   .   (helmet restricted)
rElec    .         Reflect  .   (no cloak)
rCorr    .         Harm     .   (no gloves)
MR       .....                  (no boots)
Stlth    +.........             (no amulet)
Regen    0.1/turn               (no ring)
MPRegen  0.1/turn               (no ring)

@: no status effects
A: antennae 1, powered by death 1
a: no special abilities


You were on level 2 of the Dungeon.
You were not hungry.

You visited 1 branch of the dungeon, and saw 2 of its levels.

You collected 75 gold pieces.

Inventory:

Hand Weapons
 a - a +0 war axe (weapon)
Missiles
 d - 3 throwing nets (quivered)
Armour
 b - a +0 leather armour (worn)
 c - a +0 helmet
Jewellery
 g - an uncursed ring of stealth {unknown}
Scrolls
 e - a scroll of teleportation {unknown}
 h - a scroll of enchant weapon {unknown}
 i - a scroll of remove curse {unknown}
 k - 4 scrolls of identify {unknown}
 l - a scroll of enchant armour {unknown}
Potions
 j - a potion of heal wounds {unknown}
 m - 2 potions of degeneration {unknown}
 o - a potion of invisibility {unknown}
 p - a potion of curing {unknown}
Comestibles
 f - 2 bread rations
 n - 4 fruits
 q - 2 chunks of flesh


   Skills:
 + Level 3.2 Fighting
 - Level 2.6 Axes
 - Level 1.7 Throwing
 + Level 1.6 Armour
 - Level 2.6 Dodging


You had 2 spell levels left.
You didn't know any spells.

Dungeon Overview and Level Annotations

Branches:
Dungeon (2/15)

Altars:

Annotations:
D:2 Sigmund


Innate Abilities, Weirdness & Mutations

You have a pair of small antennae on your head.
You regenerate a little health from kills.


Message History

Sigmund hits you but does no damage.
You closely miss Sigmund.
Sigmund is moderately wounded.
Sigmund points at you and mumbles some strange words.
The puff of flame hits you!
You closely miss Sigmund.
Sigmund is moderately wounded.
Sigmund closely misses you.
You closely miss Sigmund.
Sigmund is moderately wounded.
Sigmund hits you with a scythe.
* * * LOW HITPOINT WARNING * * *
Sigmund points at you and mumbles some strange words.
You resist with significant effort.
Sigmund points at you and mumbles some strange words.
The magic dart hits you!
* * * LOW HITPOINT WARNING * * *
Sigmund points at you and mumbles some strange words.
The puff of flame hits you!
You die...

#############.# #.##.#
#.......#.....# #. #.#
#.......#....## #. #.#
#.......#....# .. #.##
#.......##...## ..
#..# #.......##....###
... ##.#
#...............## #.#
#####...##.@..#..###
#.#
##..##.#....@..######
#.##
##.##.###.#........###
#..# #.##.#
#.###.####...#####.#
..##.# #.# #.##
###........ ####.# #.#
#..# ######... #.# #.#
##.## #....... #.# #.#
#..## #.##.(.. #.# #.#
##..####.##.### #.#
##......##.# #


You could see Sigmund.

Vanquished Creatures
  An adder (D:1)
  A leopard gecko (D:1)
  3 giant cockroaches (D:1)
  9 goblins
  2 hobgoblins (D:2)
  4 kobolds
  A quokka (D:2)
  4 bats (D:1)
  3 frilled lizards (D:1)
  5 rats
33 creatures vanquished.

Notes
Turn   | Place    | Note
-------+----------+-------------------------------------------
     0 | D:1      | grindst0ne the Demonspawn Gladiator began the quest for the Orb.
     0 | D:1      | Reached XP level 1. HP: 16/16 MP: 1/1
   224 | D:1      | Gained mutation: You have a pair of small antennae on your head. [demonic ancestry]
   224 | D:1      | Reached XP level 2. HP: 17/23 MP: 2/2
   392 | D:1      | Reached skill level 1 in Armour
   949 | D:1      | Reached skill level 3 in Fighting
   949 | D:1      | Gained mutation: You regenerate a little health from kills. [demonic ancestry]
   949 | D:1      | Reached XP level 3. HP: 29/29 MP: 3/3
  1145 | D:2      | Noticed Sigmund
  1164 | D:2      | Killed from afar by Sigmund

Vault maps used:
D:1:      onia_arrival_mini_maze
D:2:      grunt_temple_overflow_magic_moments, lemuel_round_altar, uniq_sigmund

Skill      XL: |  1  2 |
---------------+-------+-----
Armour         | 1 |  1.6
Fighting       | 3 |  3.2
Axes           | |  2.6
Throwing       | |  1.7
Dodging        | |  2.6

Action                   || total
-------------------------++-------
Melee: War axe           ||   103
 Stab: Sleeping          ||     1
  Eat: Chunk             ||     1
Armor: Leather armour    ||    35
Dodge: Dodged            ||    74
